Cogmind - Beta 17 @@@ ROGUE MODE // 2026.07.15 @ 01:48:49 Player: kite Result: Self-destructed Performance ------------- Evolutions (2) 1000 Regions Visited (5) 1000 Robots Destroyed (50) 250 Value Destroyed (1224) 1224 Prototype IDs (23) 460 Alien Tech Used (0) 0 Bonus (285) 285 TOTAL SCORE: 4219 Bonus ------- Aligned with FarCom 300 Friendly Fire -15 Cogmind --------- Core Integrity 401/550 Matter 220/300 Energy 27/100 System Corruption 0% Temperature Warm (157) Movement Rolling (95) Location -8/Materials Parts ------- > --- POWER (1) -------- (None) > --- PROPULSION (5) --- Wheel Compact Wheel Compact Wheel Compact Wheel > --- UTILITY (3) ------ Improved Heat Sink Medium Storage Unit Layered Light Armor Plating > --- WEAPON (2) ------- Lightning Gun Lightning Gun > --- INVENTORY (10) --- Wheel Compact Wheel Improved Heat Sink Transmission Jammer Layered Light Armor Plating Layered Light Armor Plating Beamcaster Rocket Launcher Field Lobotomy Kit (5) Peak State ------------ > --- POWER ------------ Light Nuclear Core > --- PROPULSION ------- Compact Wheel Compact Wheel Compact Wheel Compact Wheel Compact Wheel > --- UTILITY ---------- Improved Heat Sink Medium Storage Unit Layered Light Armor Plating > --- WEAPON ----------- Lightning Gun Lightning Gun > --- INVENTORY -------- Compact Wheel Improved Heat Sink Transmission Jammer Layered Light Armor Plating Layered Light Armor Plating Lightning Gun Lightning Gun Beamcaster Rocket Launcher Field Lobotomy Kit [Rating: 28] Favorites ----------- Power Ion Engine Engine Ion Engine Power Core Light Nuclear Core Propulsion Light Treads Treads Light Treads Wheel Compact Wheel Utility Improved Heat Sink Device Improved Heat Sink Storage Medium Storage Unit Protection Layered Light Armor Plating Weapon Particle Gun Energy Gun Particle Gun Ballistic Gun Assault Rifle Launcher Grenade Launcher Build | -11 -10 -10 -10 -9 -8 ------- Run | Yrd Mat Min Exi Min Mat Slots Evolved 4 | . . . . . 4 Power . | . . . . . . Propulsion 3 | . . . . . 3 Utility 1 | . . . . . 1 Weapon . | . . . . . . Parts Attached 37 | 5 9 6 . . 17 Power 4 | 1 1 1 . . 1 Engine 3 | 1 1 1 . . . Core 1 | . . . . . 1 Reactor . | . . . . . . Propulsion 12 | 2 2 . . . 8 Treads 6 | 2 2 . . . 2 Leg . | . . . . . . Wheel 6 | . . . . . 6 Hover . | . . . . . . Flight . | . . . . . . Utility 7 | . 3 3 . . 1 Device 2 | . 1 1 . . . Storage 2 | . 2 . . . . Processor . | . . . . . . Hackware . | . . . . . . Protection 3 | . . 2 . . 1 Artifact . | . . . . . . Weapon 14 | 2 3 2 . . 7 Energy Gun 10 | . 3 1 . . 6 Energy Cannon . | . . . . . . Ballistic Gun 2 | 2 . . . . . Ballistic Cannon . | . . . . . . Launcher 2 | . . 1 . . 1 Special Weapon . | . . . . . . Impact Weapon . | . . . . . . Slashing Weapon . | . . . . . . Piercing Weapon . | . . . . . . Special Melee Weapon . | . . . . . . Unidentified Prototypes . | . . . . . . Parts Lost 6 | . . 1 . . 5 Power 2 | . . 1 . . 1 Propulsion 2 | . . . . . 2 Utility . | . . . . . . Weapon 2 | . . . . . 2 Highest Loss Streak 3 | . . 1 . . 3 To Critical Strikes 1 | . . . . . 1 Average Backups 9 | 2 7 9 10 10 9 Power . | . 1 . . . . Propulsion 2 | . 3 3 2 2 1 Utility 2 | . . 3 4 4 3 Weapon 2 | . 2 2 3 3 3 Tool/Special . | . . . . . . Unused Backups 15 | . 3 1 1 . 10 Power . | . . . . . . Propulsion 6 | . 2 1 1 . 2 Utility 6 | . . . . . 6 Weapon 2 | . 1 . . . 1 Tool/Special 1 | . . . . . 1 Average Slot Usage (%) 98 | . 97 99 100 100 93 Engine 12 | . 14 13 14 14 5 Treads 25 | . 28 28 28 28 15 Wheel 4 | . . . . . 23 Device 12 | . 12 13 14 14 9 Storage 12 | . 13 14 14 14 9 Protection 1 | . . . . . 8 Energy Gun 20 | . 8 27 28 27 17 Ballistic Gun 4 | . 19 . . . . Peak Build Rating 28 | 5 10 15 16 16 28 Average Rating 15 | 3 9 14 15 15 24 On Entrance 10 | . 5 10 15 16 16 Avg Prop Armor Cover (%) 19 | . . . . . 19 Naked Turns . | . . . . . . Heaviest Build 28 | 6 19 24 24 24 28 Greatest Support 80 | 40 40 40 40 40 80 Greatest Overweight (x) 1 | . . . . . 1 Average Overweight (x) . | . . . . . . Largest Inventory Capacity 10 | 5 10 10 10 10 10 Average Capacity 9 | 5 8 10 10 10 10 Most Carried 10 | 5 8 10 10 10 10 Average Carried 9 | 2 7 9 9 10 9 Final Capacity 10 | 5 10 10 10 10 10 Final Carried 10 | 5 8 10 10 10 9 Class Distribution -------------------- 70% | Scavenger-Mutant 29% | Mutant Dominant Class ---------------- Mutant | -10/Materials Scavenger-Mutant | -10/Mines Scavenger-Mutant | -10/Exiles Scavenger-Mutant | -9/Mines Mutant | -8/Materials Resources | -11 -10 -10 -10 -9 -8 ----------- Run | Yrd Mat Min Exi Min Mat Matter Collected 922 | 189 273 207 . 30 223 Remotely . | . . . . . . Salvage Created 1509 | . 522 215 . 104 668 Parts 90 | . 32 15 . 9 34 Haulers Intercepted 2 | . 2 . . . . Recyclers Shooed 2 | . 1 1 . . . Parts Field Recycled . | . . . . . . Retrieved Matter . | . . . . . . Parts Self-Destructed . | . . . . . . Prevented . | . . . . . . Parts Restored . | . . . . . . Kills | -11 -10 -10 -10 -9 -8 ------- Run | Yrd Mat Min Exi Min Mat Combat Hostiles Destroyed 39 | . 8 9 . 5 17 Melee 1 | . . 1 . . . Guns 21 | . 8 4 . 2 7 AOE 14 | . . 3 . 3 8 Classes Destroyed 9 | . 7 1 . . 1 Worker 1 | . 1 . . . . Builder 2 | . 1 . . . 1 Hauler 2 | . 2 . . . . Recycler 2 | . 1 1 . . . Watcher 4 | . 1 . . . 3 Swarmer 19 | . 3 6 . 3 7 Grunt 17 | . 5 2 . 2 8 Sentry 1 | . . 1 . . . Hunter 2 | . . . . . 2 Best Kill Streak 11 | . 3 5 . 3 11 Combat Bots Only 8 | . 3 5 . 3 8 Max Kills in Single Turn 3 | . 1 1 . 3 3 Gunslinging . | . . . . . . Exploded 3 | . . 1 . 3 2 Melee 1 | . . 1 . . . Uniques/NPCs Destroyed . | . . . . . . Combat | -11 -10 -10 -10 -9 -8 -------- Run | Yrd Mat Min Exi Min Mat Hostile Shots Fired 176 | . 54 27 . 12 83 Missed 52 | . 17 6 . 4 25 Hits 124 | . 37 21 . 8 58 Projectile 124 | . 37 21 . 8 58 Critical Strikes 5 | . 2 1 . 1 1 Damage Taken 1588 | . 398 257 . 114 819 Core 337 | . 46 110 . 32 149 Absorbed by Shields . | . . . . . . Core Remaining (%) 62 | 100 . . . 24 . Volleys Fired 138 | 1 60 21 . 8 48 Largest 2 | 2 2 2 . 2 2 Hottest 140 | 40 115 140 . 140 126 Shots Fired 253 | 2 120 38 . 15 78 Gun 240 | 2 120 34 . 14 70 Cannon . | . . . . . . Launcher 13 | . . 4 . 1 8 Special . | . . . . . . Kinetic 102 | 2 100 . . . . Thermal 70 | . 11 34 . 14 11 Explosive 13 | . . 4 . 1 8 Electromagnetic 68 | . 9 . . . 59 Robot Hit Streak 13 | 1 13 7 . 4 9 Robot Miss Streak 5 | 1 3 3 . 3 5 Penetration Max . | . . . . . . Secondary Targets 2 | . . . . . 2 Max Gunslinging Chain 1 | . . . . . 1 Shots Hit Robots 151 | 1 72 25 . 8 45 Core Hits 73 | 1 27 10 . 6 29 Critical Kills . | . . . . . . Critical Parts Destroyed . | . . . . . . Critical Strikes 3 | . . 2 . . 1 Burn 2 | . . 2 . . . Corrupt 1 | . . . . . 1 Melee Attacks . | . . . . . . Impact . | . . . . . . Slashing . | . . . . . . Piercing . | . . . . . . Sneak Attacks . | . . . . . . Combat Hostiles . | . . . . . . Follow-up Attacks . | . . . . . . Damage Inflicted 3402 | 7 905 629 . 264 1597 Guns 2433 | 7 905 423 . 138 960 Cannons . | . . . . . . Explosions 965 | . . 202 . 126 637 Melee . | . . . . . . Ramming 4 | . . 4 . . . Kinetic 722 | 7 715 . . . . Thermal 1021 | . 137 423 . 138 323 Explosive 758 | . . 202 . 126 430 Electromagnetic 897 | . 53 . . . 844 Impact . | . . . . . . Slashing . | . . . . . . Piercing . | . . . . . . Highest Corruption . | . . . . . . Average Corruption . | . . . . . . Corruption Purged . | . . . . . . Corruption Blocked . | . . . . . . Overload Shots . | . . . . . . Overflow Damage 10 | . . 10 . . . Projectiles . | . . . . . . Explosions 10 | . . 10 . . . Melee . | . . . . . . Knockbacks . | . . . . . . Impact . | . . . . . . Kinetic . | . . . . . . Secondary . | . . . . . . Self-Inflicted Damage . | . . . . . . Shots . | . . . . . . Rammed 1 | . . 1 . . . Targets Rammed 2 | . . 2 . . . Kicked . | . . . . . . Crushed 1 | . . 1 . . . Highest Temperature 288 | . 36 243 . 288 161 Average Temperature 53 | . 14 66 . 134 39 Received Heat Transfer 627 | . 168 90 . 72 297 Effects 2 | . . 1 . 1 . Energy Bleed 2 | . . 1 . 1 . Siege Activations . | . . . . . . Martial Activations . | . . . . . . Shielding Activations . | . . . . . . Robots Disrupted . | . . . . . . Combat Hostiles . | . . . . . . Robots Corrupted 2 | . . . . . 2 Combat Hostiles 2 | . . . . . 2 Parts Fried 4 | . . . . . 4 Impact Corruptions . | . . . . . . Robots Melted 1 | . . 1 . . . Combat Hostiles 1 | . . 1 . . . Parts Melted 7 | . 1 3 . 3 . Heat Transferred 2261 | . 333 1110 . 259 559 Parts Sabotaged . | . . . . . . Parts Stolen . | . . . . . . Parts Stripped . | . . . . . . Power Chain Reactions 3 | . . . . . 3 Alert | -11 -10 -10 -10 -9 -8 ------- Run | Yrd Mat Min Exi Min Mat Maximum Alert Level 1 | . . . . . 1 Low Security (%) 86 | 100 100 100 . 100 39 Level 1 13 | . . . . . 60 Level 2 . | . . . . . . Level 3 . | . . . . . . Level 4 . | . . . . . . Level 5 . | . . . . . . High Security . | . . . . . . Max Security . | . . . . . . Peak Influence 343 | . 93 112 . 105 343 Initial 1 | . . . . . 1 Average 68 | . 37 33 . 32 185 Influence Increases 1203 | . 282 231 . 170 520 Destroy 0b10 Robot/C 780 | . 160 180 . 100 340 Destroy 0b10 Robot/NC 55 | . 30 5 . . 20 Destroy Leader 182 | . 46 30 . 20 86 Select Force Hacks 30 | . 30 . . . . Disable Machine 60 | . . . . 45 15 Destroy Structure 66 | . 1 16 . 5 44 Lose Combat Pursuer 30 | . 15 . . . 15 Influence Decreases 940 | . 282 215 16 165 262 Entered New Map 20 | . . . 16 . 4 Time Decay 870 | . 282 205 . 165 218 Lost Part 50 | . . 10 . . 40 Squads Dispatched 9 | . 2 . . . 7 Investigation 3 | . 1 . . . 2 Extermination . | . . . . . . Reinforcement 5 | . 1 . . . 4 Assault . | . . . . . . Garrison 1 | . . . . . 1 Intercept . | . . . . . . Searches Triggered . | . . . . . . Construction Impeded 1 | . . . . . 1 Haulers Reinforced . | . . . . . . Active Scanning Responses . | . . . . . . Cargo Convoy Interrupts . | . . . . . . Stealth | -11 -10 -10 -10 -9 -8 --------- Run | Yrd Mat Min Exi Min Mat Distress Signals 7 | . 2 . . . 5 Communications Jammed . | . . . . . . Distress Signals . | . . . . . . Times Spotted 54 | . 16 10 . 4 24 Peak Tracking Total 7 | . 6 5 . 3 7 Tactical Retreats 2 | . 1 . . . 1 Traps | -11 -10 -10 -10 -9 -8 ------- Run | Yrd Mat Min Exi Min Mat Traps Triggered 1 | . . . . . 1 Indirectly . | . . . . . . Trap Hack Attempts . | . . . . . . Triggered . | . . . . . . Disarmed . | . . . . . . Reprogrammed . | . . . . . . Reused . | . . . . . . Traps Extracted . | . . . . . . Installed . | . . . . . . Triggered . | . . . . . . Machines | -11 -10 -10 -10 -9 -8 ---------- Run | Yrd Mat Min Exi Min Mat Machines Disabled 5 | . . 1 . 3 1 Max in Single Turn 2 | . . 1 . 2 1 Machines Repaired . | . . . . . . Machines Dismantled . | . . . . . . Machines Sabotaged . | . . . . . . Overloaded Fab Kills . | . . . . . . Hacking | -11 -10 -10 -10 -9 -8 --------- Run | Yrd Mat Min Exi Min Mat Machines Accessed 5 | . 3 . 2 . . Terminals 2 | . 2 . . . . Fabricators . | . . . . . . Repair Stations . | . . . . . . Recycling Units 1 | . 1 . . . . Scanalyzers . | . . . . . . Garrison Access . | . . . . . . Total Hacks 11 | . 6 . 5 . . Successful 7 | . 2 . 5 . . Failed 4 | . 4 . . . . Catastrophic 1 | . 1 . . . . Database Lockouts . | . . . . . . Manual 7 | . 6 . 1 . . Terminals 5 | . 5 . . . . Fabricators . | . . . . . . Repair Stations . | . . . . . . Recycling Units 1 | . 1 . . . . Scanalyzers . | . . . . . . Garrison Access . | . . . . . . Terminal Hacks 6 | . 1 . 5 . . Record 4 | . . . 4 . . Part Schematic 1 | . 1 . . . . Proto ID Catalog 1 | . . . 1 . . Fabricator Hacks . | . . . . . . Repair Station Hacks . | . . . . . . Recycling Unit Hacks . | . . . . . . Scanalyzer . | . . . . . . Garrison Access Hacks . | . . . . . . Unauthorized Hacks 1 | . 1 . . . . Terminals . | . . . . . . Fabricators . | . . . . . . Repair Stations . | . . . . . . Recycling Units 1 | . 1 . . . . Tunnel 1 | . 1 . . . . Scanalyzers . | . . . . . . Garrison Access . | . . . . . . Data Cores Recovered . | . . . . . . Used . | . . . . . . Hacking Detections 2 | . 2 . . . . Full Trace Events 1 | . 1 . . . . Feedback Events . | . . . . . . Feedback Blocked . | . . . . . . Robot Schematics Acquired . | . . . . . . Robots Built . | . . . . . . Authchips . | . . . . . . Time . | . . . . . . Total Robot Build Rating . | . . . . . . Part Schematics Acquired 1 | . 1 . . . . Parts Built . | . . . . . . Authchips . | . . . . . . Time . | . . . . . . Total Part Build Rating . | . . . . . . Part Studies Acquired . | . . . . . . Parts Repaired . | . . . . . . Time . | . . . . . . Parts Recycled . | . . . . . . Recycled Matter . | . . . . . . Retrieved Matter . | . . . . . . Retrieved Components . | . . . . . . Parts Scanalyzed . | . . . . . . Part Schematics Acquired . | . . . . . . Parts Damaged . | . . . . . . Bothacking | -11 -10 -10 -10 -9 -8 ------------ Run | Yrd Mat Min Exi Min Mat Used RIF Installer . | . . . . . . Robots Hacked . | . . . . . . Non-combat . | . . . . . . Combat . | . . . . . . Robot Hacks Applied . | . . . . . . Relay Couplers Released . | . . . . . . Fabnet Peak Effective % . | . . . . . . Robots Rewired . | . . . . . . Allies Hacked . | . . . . . . Hacks Repelled . | . . . . . . Allies | -11 -10 -10 -10 -9 -8 -------- Run | Yrd Mat Min Exi Min Mat Total Allies . | . . . . . . Largest Group . | . . . . . . Highest-Rated Group . | . . . . . . Highest-Rated Ally . | . . . . . . Total Orders . | . . . . . . Ally Attacks . | . . . . . . Total Damage . | . . . . . . Kills . | . . . . . . Allies Corrupted . | . . . . . . Allies Melted . | . . . . . . Intel | -11 -10 -10 -10 -9 -8 ------- Run | Yrd Mat Min Exi Min Mat Active Infowar (turns) . | . . . . . . Robot Analysis Total . | . . . . . . Derelict Logs Recovered 4 | . . 2 . 2 . Drone Launches . | . . . . . . Drone Recoveries . | . . . . . . Exploration | -11 -10 -10 -10 -9 -8 ------------- Run | Yrd Mat Min Exi Min Mat Turns Passed 3169 | 73 783 775 417 494 627 Spaces Moved 1596 | 40 358 432 258 293 215 Core 5 | 5 . . . . . Treads 1476 | 35 358 432 258 293 100 Legs . | . . . . . . Wheels 115 | . . . . . 115 Hover . | . . . . . . Flight . | . . . . . . Fastest Speed 50 | 50 160 160 160 160 96 Average Speed 155 | 146 160 160 160 160 126 Slowest Speed 160 | 160 160 160 160 160 160 Overloaded Moves . | . . . . . . Propulsion Burnouts . | . . . . . . Robots Hopped . | . . . . . . Potential Cave-ins . | . . . . . . Cave-ins Triggered . | . . . . . . Exploration Rate (%) 46 | 3 53 83 61 58 21 Regions Visited 5 Branch Regions 3 Pre-discovered Areas 2 | . 1 . 1 . . Known Exits Taken 1 | . . . . 1 . Unknown Exits Taken 4 | 1 1 1 1 . . Scrap Searched 2 | . . 1 . 1 . Spaces Dug . | . . . . . . Terrain Destroyed 79 | . . 29 . 5 45 Melee . | . . . . . . Projectile . | . . . . . . AOE 79 | . . 29 . 5 45 Terrain Rammed . | . . . . . . Walls Destroyed . | . . . . . . Machines Disabled . | . . . . . . Actions | -11 -10 -10 -10 -9 -8 --------- Run | Yrd Mat Min Exi Min Mat Total 2056 | 50 465 476 263 304 498 Wait 196 | . 16 4 2 . 174 Move 1591 | 39 357 431 257 292 215 Hop . | . . . . . . Pick Up 40 | 5 11 4 2 1 17 Fast Attach 15 | 5 2 2 . . 6 Attach 8 | . 1 1 . . 6 Detach . | . . . . . . Swap 26 | . 6 6 . 2 12 Drop 40 | . 12 5 2 1 20 Fire 138 | 1 60 21 . 8 48 Melee . | . . . . . . Ram . | . . . . . . Kick . | . . . . . . Crush 2 | . . 2 . . . Escape Stasis . | . . . . . . Rewire . | . . . . . . Trap . | . . . . . . Miscellaneous . | . . . . . . Route ------- -11/Scrapyard -10/Materials (discovered 3 exits: [*Mat] / [*Min x2]) -10/Mines (discovered 3 exits: [*Mat] / *Exi / Sub) -10/Exiles -9/Mines (discovered 2 exits: *Mat x2) -8/Materials History --------- Turn | Location | Event 9 | -11/Scrapyard | Discovered new exit (range 15) 74 | -11/Scrapyard | Entered Materials 311 | -10/Materials | Build established: Mutant 327 | -10/Materials | Discovered new exit (range 13) 529 | -10/Materials | Discovered new exit (range 5) 734 | -10/Materials | Discovered new exit (range 16) 857 | -10/Materials | Entered Mines 904 | -10/Mines | Joined a pair of Derelicts in attacking an 0b10 outpost 912 | -10/Mines | Build established: Scavenger-Mutant 1085 | -10/Mines | Identified exit to Subcaves 1353 | -10/Mines | Learned 2 Materials zone layouts 1354 | -10/Mines | Discovered new exit (range 6) 1366 | -10/Mines | Core integrity fell below 50% 1498 | -10/Mines | Found a hidden stash of uninstalled traps 1624 | -10/Mines | Deemed a non-threat by the Exiles lab entrance 1626 | -10/Mines | Discovered new exit (range 5) 1632 | -10/Mines | Entered Exiles 1671 | -10/Exiles | Met 8R-AWN 1700 | -10/Exiles | Met EX-HEX 1744 | -10/Exiles | Met EX-BIN 1767 | -10/Exiles | Aligned with FarCom system 1768 | -10/Exiles | Given EX-Vault access code 1824 | -10/Exiles | Opened EX-Vault 1836 | -10/Exiles | Found Field Lobotomy Kit 1872 | -10/Exiles | Warned to stay clear of 0b10 Research branches 1919 | -10/Exiles | Met EX-DEC 1930 | -10/Exiles | Learned location of Zion (-7) 2026 | -10/Exiles | Discovered new exit (range 10) 2049 | -10/Exiles | Left Exiles lab with Field Lobotomy Kit 2049 | -10/Exiles | Entered Mines 2389 | -9/Mines | Learned location of 1 exit from Lower Caves 2479 | -9/Mines | Received a Rocket Launcher from a helpful Derelict 2479 | -9/Mines | Discovered new exit (range 4) 2521 | -9/Mines | Identified exit to Materials 2543 | -9/Mines | Entered Materials 2543 | -8/Materials | Evolved 4 slots: Propulsion x3, Utility x1 2765 | -8/Materials | Garrison activated, responded to threat 2814 | -8/Materials | Destroyed 8 combat bots 3151 | -8/Materials | Build established: Mutant 3170 | -8/Materials | Self-destructed Last Messages --------------- 02944_ U-05 Engineer builds a Wall. 02944_ K-01 Serf collects debris. 02947_ O-16 Technician: "IFF HANDSHAKE FAILED. SECURING TERMINAL." 02948_ U-05 Engineer builds a Wall. 02955_ O-16 Technician uses terminal to summon reinforcements. 02955_ ALERT: Hostiles spotted, dispatching reinforcements to Terminal M002. 02955_ O-16 Technician locks terminal. 03150_ Terminal disabled. 03152_ G-47 Trooper IFF system glitched. 03152_ Lightning Gun destroyed. 03154_ Com. Wheel destroyed. 03155_ Lgt. Nuclear Core fried. 03155_ Imp. Heat Sink fried. 03155_ G-47 Trooper destroyed. 03164_ G-47 Trooper misfires. 03168_ Lgt. Nuclear Core destroyed. 03170_ G-47 Trooper IFF system glitched. Map ----- +----------------------------------------------------+ | ???????????????????????????????? ############ ## | | ???????????????????????????????? #??????????###? | | ???????????????????????????????? ###?????????????? | | ????????????????????????????????##???????????????? | | ?????????????????????????????????????????????????? | | ?????????????????????????????????????????????????? | | ?????????????????????????????????????????????????? | | ?????????????????????????????????????????????????? | | ?????????????????????????????????????????????????? | | ?????????????????????????????????????????????????? | | ##### ??????????????????????????????????????????? | | T# ????????????????????????????????????????? | | ! ??????????????????????????????????????? | | [ ????????????????????????????????????? | | [ # ##???????????????????????????????????? | | # [% ???????????????????????????????????? | | # ????????????????????????????????????? | | # ?????????????????????????????????????? | | # ??????????????????????????????????????? | | # ???????????????????????????????????????? | | "" # ????????????????????????????????????????? | | % # ?????????????????????????????????????????? | | % ###########????????????????????????????????? | | % # #????????????????????????????????? | | % # #??########??????????????????????? | | # #??#! ! @#??????????????????????? | | ! # [ #??# [% #??????????????????????? | | # #??# """g #??????????????????????? | | + #??# """g"#??????????????????????? | | # #??# """ #??????????????????????? | | = %# #??# #??????????????????????? | | #################+##############???????????? | | % % ??????????? | | = ??????????? | | =% ??????????? | | ##+#############/###"##+##### ######???????????? | | # ???? #????????????????? | | # ###! # ! #??? #????????????????? | | ###?# ! # ]#?????????????????????? | | #???#*! [# #?????????????????????? | | #???#!! # #?????????????????????? | | #???# * # #?????????????????????? | | #???#/#############?????????????????????? | | #???# ??????????????????????????????????? | | ##########???# ??????????????????????????????????? | | ????????????? ??????????????????????????????????? | | ????????????? ??????????????????????????????????? | | #######?????? ???????????????????????????????????? | | ?????? ???????????????????????????????????? | | #######????? ???????????????????????????????????? | +----------------------------------------------------+ Best States ------------- Heat Dissipation 45 Energy Generation 14 Energy Capacity 250 Matter Stores 300 Matter Capacity 300 Sight Range 16 Terrain Scan Density 10 Armor Coverage 150 Evasion (%) 40 Recoil Reduction 4 Item Schematics ----------------- Huge Storage Unit | -10/Materials | Hacked Robot Schematics ------------------ None Fabricated ------------ Nothing Repaired ---------- Nothing Studied --------- None Alien Tech Used ----------------- None Achievements -------------- None Challenges ------------ None Game ------ Seed AlertVampiricAutopenetrator Manual? 0 Play Time 00:17:47 Cumulative 460.1 hours Start 2026.07.15 @ 01:35:00 End 2026.07.15 @ 01:48:49 Sessions 1 Manual Loads 0 Difficulty Rogue Special Mode None Game No. 426 Rogue 426 Adventurer 0 Explorer 0 Win Type - Total 11 Types 7/0/2/1/0/0/0/0/0/1 Lore% 62 Gallery% 69 Achievement% 65 Wizard Run 0 Options --------- Layout 1 ASCII 0 Keyboard 0 Movement Mouse Keybinds 0 Fullscreen 2 Font 24/Cog Map View 50x35 Zoom Use 28% Tactical HUD 1 Map Filters NONE Filters NONE Steam 1 RUN: 453ebd2b-08a0-45a9-aa49-435a56924f2e